 Dungeon Crawl Stone Soup version 0.27.1-33-g824d729ab1 (webtiles) character file.

Game seed: 13147401966741941878

25 pkoi the Insei (level 2, -1/26 HPs)
             Began as a Draconian Monk on Dec 6, 2021.
             Slain by a goblin (3 damage)
             ... on level 1 of the Dungeon.
             The game lasted 00:00:32 (772 turns).

pkoi the Insei (Draconian Monk)                      Turns: 772, Time: 00:00:33

Health: -1/26      AC:  4    Str: 13    XL:     2   Next: 82%
Magic:  2/2        EV: 12    Int: 10    God:
Gold:   12         SH:  0    Dex: 13    Spells: 1/1 levels left

rFire    . . .     SeeInvis .     - Unarmed
rCold    . . .     Faith    .   (no shield)
rNeg     . . .     Spirit   .   (armour unavailable)
rPois    .         Reflect  .   (helmet restricted)
rElec    .         Harm     .   (no cloak)
rCorr    .         Rampage  .   (no gloves)
Will     .....                  (no boots)
Stlth    ++........             (no amulet)
HPRegen  0.08/turn              (no ring)
MPRegen  0.08/turn              (no ring)

@: no status effects
A: AC +4, unfitting armour, cold-blooded
a: no special abilities


You were on level 1 of the Dungeon.
You visited 1 branch of the dungeon, and saw 1 of its levels.

You collected 12 gold pieces.

Inventory:

Missiles
 c - 14 poisoned darts (quivered)
Jewellery
 a - a ring of fire
Scrolls
 b - a scroll of identify {unknown}


   Skills:
 - Level 3.2 Fighting
 - Level 2.6 Dodging
 - Level 1.7 Stealth
 + Level 4.1 Unarmed Combat


You had one spell level left.
You didn't know any spells.
Your spell library was empty.

Dungeon Overview and Level Annotations

Branches:
Dungeon (1/15)

Altars:


Innate Abilities, Weirdness & Mutations

Your plain brown scales are hard. (AC +4)
You cannot fit into any form of body armour.
You are cold-blooded and may be slowed by cold attacks.


Message History

There is an open door here.
A rat comes into view.
The quokka barely misses you.
You hit the quokka but do no damage. The quokka bites you.
The quokka completely misses you.
You closely miss the quokka.
The quokka bites you but does no damage.
You hit the quokka but do no damage. You tail-slap the quokka.
The quokka is severely wounded.
The quokka bites you but does no damage.
You closely miss the quokka.
Your tail-slap misses the quokka.
The quokka is severely wounded.
The quokka completely misses you.
You closely miss the quokka.
The quokka is severely wounded.
The quokka bites you but does no damage.
You barely miss the quokka.
The quokka is severely wounded.
The quokka bites you.
You hit the quokka.
You kill the quokka!
You hit the rat.
You kill the rat!
No target in view!
You open the door.
A goblin comes into view.
It is wielding a +1 dagger of distortion.
There is an open door here.
Found 5 gold pieces.
The goblin shouts!
A rat comes into view.
The goblin hits you with a +1 dagger of distortion.
Space bends around you.
You barely miss the goblin. The goblin hits you but does no damage.
Space warps horribly around you!
Ouch! That really hurt!
* * * LOW HITPOINT WARNING * * *
You hit the goblin.
The goblin is heavily wounded.
The goblin hits you with a +1 dagger of distortion.
You die...

#.# #.# ##+## #.#
##...## #.# ##.....##
#.## # ##.......##
#..#.##.#
###.........####.......#
..'.........'...@g..#
###.........####....r.$.
##.......## #........
##.....## #.##.###.
##...## #.# ..# ##+##
#.# .# #######.# #.# #
.....##.# #.# .###.##.##


You could see a goblin and a rat.

Vanquished Creatures
  2 dart slugs (D:1)
  2 endoplasms (D:1)
  A giant cockroach (D:1)
  A goblin (D:1)
  2 hobgoblins (D:1)
  4 jackals (D:1)
  A quokka (D:1)
  2 ball pythons (D:1)
  A bat (D:1)
  A frilled lizard (D:1)
  A kobold (D:1)
  A rat (D:1)
19 creatures vanquished.

Notes
Turn   | Place    | Note
-------+----------+-------------------------------------------
     0 | D:1      | pkoi the Draconian Monk began the quest for the Orb.
     0 | D:1      | Reached XP level 1. HP: 19/19 MP: 1/1
   160 | D:1      | Reached XP level 2. HP: 25/26 MP: 2/2
   498 | D:1      | Reached skill level 4 in Unarmed Combat
   772 | D:1      | Slain by a goblin

Illustrated notes

Levels and vault maps discovered:
D:1:      tarquinn_simple_flora_water_b, layout_loops_corners

Skill      XL: |  1  2 |
---------------+-------+-----
Unarmed Combat | 4 |  4.1
Fighting       | |  3.2
Dodging        | |  2.6
Stealth        | |  1.7

Action                   || total
-------------------------++-------
Melee: Unarmed           ||    66
       Tailslap          ||     8
       Punch             ||     2
 Stab: Sleeping          ||     2
Armor: Skin              ||    17
Dodge: Dodged            ||    43
